AoeStats
← Kulishaak

Arabia

505601351Analyzed
1v1 RM · 22d ago on Sep 10, 2026· 60m 26s· 2 players
Game mode
Random Map
Map size
Tiny (2 player)
Population
200
Speed
Normal
Resources
Standard
Victory
Conquest
Starting age
Dark Age
Ending age
Imperial Age
RankedLock teamsTeams togetherTeam positionsShared explorationLock speedFull tech treeHidden civsTurbo modeCheats
Victory
Defeat
🇨🇿 Armenians · Czechia
1173
+15
🇺🇸 Britons · United States
1144
-15
sth
6:58 Loom
9:24 Feudal Age
12:52 Double-Bit Axe
18:35 Fletching
24:28 Castle Age
23:33 Gold Mining
24:35 Crossbowman
25:34 Bodkin Arrow
30:52 Elite Skirmisher
35:12 Ballistics
41:07 Imperial Age
41:02 Padded Archer Armor
41:26 Bow Saw
43:52 Bracer
45:02 Conscription
46:00 Arbalester
48:14 Chemistry
50:04 Wheelbarrow
52:30 Town Watch
56:12 Onager
Kulishaak
0:44 Loom
9:46 Feudal Age
11:08 Man-at-Arms
13:28 Arson
14:05 Double-Bit Axe
15:15 Long Swordsman
17:17 Scale Mail Armor
18:31 Fletching
19:46 Wheelbarrow
19:54 Fletching
24:43 Castle Age
22:59 Forging
22:54 Padded Archer Armor
25:59 Squires
25:44 Gambesons
27:02 Bow Saw
26:45 Gold Mining
26:47 Stone Mining
27:33 Two-Handed Swordsman
28:26 Forging
28:02 Elite Skirmisher
30:28 Hand Cart
31:19 Chain Mail Armor
32:29 Bodkin Arrow
42:03 Imperial Age
39:25 Champion
39:55 Pikeman
41:19 Leather Archer Armor
41:49 Gold Shaft Mining
42:45 Ballistics
42:36 Masonry
43:10 Bracer
44:52 Capped Ram
45:24 Halberdier
47:03 Ring Archer Armor
47:19 Fereters
47:35 Conscription
48:30 Plate Mail Armor
49:47 Iron Casting
53:15 Town Watch
56:20 Chemistry
Connection lost

Rejoining the realm…

Still unreachable

The connection could not be restored.

Session expired

The server has moved on; the page needs a fresh start.